 Dungeon Crawl Stone Soup version 0.27-a0-1200-g94dc6ad4cf (webtiles) character file.

Game seed: 2019022453368219147

24834 Froggeryz the Frost Mage (level 12, -2/104 HPs)
             Began as a Demigod Ice Elementalist on May 30, 2021.
             Slain by an eight-headed hydra (13 damage)
             ... on level 3 of the Lair of Beasts.
             The game lasted 00:30:37 (18314 turns).

Froggeryz the Frost Mage (DgIE)                    Turns: 18314, Time: 00:30:38

Health: -2/104     AC: 17    Str: 13    XL:     12   Next: 49%
Magic:  32/39      EV: 13    Int: 29    God:
Gold:   548        SH:  5    Dex: 14    Spells: 22/31 levels left

rFire    . . .     SeeInvis .   o - +0 short sword
rCold    . . .     Faith    .   (no shield)
rNeg     . . .     Spirit   .   q - +1 acid dragon scales
rPois    +         Reflect  +   (no helmet)
rElec    .         Harm     .   K - +0 cloak
rCorr    +         Rampage  .   c - +0 pair of gloves
Will     +....                  E - +0 pair of boots
Stlth    ++........             j - amulet of reflection
HPRegen  0.27/turn              x - ring of magical power
MPRegen  0.26/turn              S - ring of poison resistance

@: ice-armoured, freezing walls
A: high mp 1, forlorn
a: no special abilities


You were on level 3 of the Lair of Beasts.
You visited 2 branches of the dungeon, and saw 12 of its levels.

You collected 774 gold pieces.
You spent 226 gold pieces at shops.

Inventory:

Hand Weapons
 o - a +0 short sword (weapon)
Missiles
 a - 2 throwing nets
 t - 3 boomerangs of dispersal
 O - 6 curare-tipped darts
Armour
 c - a +0 pair of gloves (worn)
 q - +1 acid dragon scales (worn)
 E - a +0 pair of boots (worn)
 K - a +0 cloak (worn)
 R - a +0 kite shield
Jewellery
 j - an amulet of reflection (around neck)
 x - a ring of magical power (left hand)
 G - a +4 ring of protection
 H - a ring of protection from fire
 S - a ring of poison resistance (right hand)
Wands
 h - a wand of mindburst (13)
 n - a wand of flame (6)
 p - a wand of charming (17)
 C - a wand of digging (11)
 I - a wand of iceblast (10)
 T - a wand of polymorph (9)
 U - a wand of paralysis (7)
Scrolls
 d - 2 scrolls of fog
 f - 3 scrolls of immolation
 g - 5 scrolls of teleportation
 k - 2 scrolls of enchant armour
 m - 2 scrolls of noise
 s - 2 scrolls of enchant weapon
 u - 6 scrolls of fear
 y - a scroll of holy word
 B - 2 scrolls of blinking
 J - a scroll of silence
 M - 2 scrolls of amnesia
 P - 4 scrolls of identify
Potions
 b - a potion of resistance {unknown}
 e - 2 potions of brilliance {unknown}
 i - 2 potions of degeneration {unknown}
 l - a potion of mutation {unknown}
 r - 2 potions of haste
 v - 2 potions of attraction {unknown}
 w - 3 potions of heal wounds
 z - 3 potions of lignification {unknown}
 A - 5 potions of flight
 D - a potion of ambrosia {unknown}
 F - 2 potions of magic {unknown}
 L - 2 potions of might {unknown}
 Q - a potion of invisibility {unknown}
Miscellaneous
 N - a condenser vane (inert)


   Skills:
 + Level 9.0 Fighting
 - Level 5.0 Dodging
 - Level 1.7 Stealth
 * Level 5.6 Shields
 - Level 10.0 Spellcasting
 - Level 4.1 Translocations
 - Level 10.1 Ice Magic
 - Level 7.1 Evocations


You had 22 spell levels left.
You knew the following spells:

 Your Spells              Type           Power      Damage    Failure   Level
a - Freeze                Ice            100%       1d11      1%          1
b - Frozen Ramparts       Ice            100%       1d12      1%          3
c - Blink                 Tloc           N/A        N/A       1%          2
d - Ozocubu's Armour      Ice            65%        N/A       1%          3

Your spell library contained the following spells:

 Spells                   Type           Power      Damage    Failure   Level
 Gell's Gravitas          Tloc           19%        N/A       3%          3
 Foxfire                  Conj/Fire      56%        2x1d6     5%          1
 Magic Dart               Conj           56%        1d5       5%          1
 Hailstorm                Conj/Ice       43%        3d10      7%          4
 Call Imp                 Summ           14%        N/A       9%          2
 Slow                     Hex            14%        N/A       9%          2
 Confusing Touch          Hex            14%        N/A       16%         3
 Conjure Flame            Conj/Fire      14%        6-21      16%         3
 Inner Flame              Hex/Fire       14%        N/A       16%         3
 Mephitic Cloud           Conj/Pois/Air  14%        N/A       16%         3
 Metabolic Englaciation   Hex/Ice        21%        N/A       19%         5
 Petrify                  Tmut/Erth      14%        N/A       47%         4
 Sticky Flame             Conj/Fire      14%        2d4       47%         4
 Fireball                 Conj/Fire      7%         3d5       83%         5
 Yara's Violent Unravell  Hex/Tmut       7%         3d5       83%         5


Dungeon Overview and Level Annotations

Branches:
Dungeon (9/15)             Temple (0/1) D:5            Lair (3/6) D:9
 Shoals (0/4) Lair:2       Spider (0/4) Lair:2
    Orc: D:9-12

Shops:
D:6 *(

Annotations:
D:6 Duvessa
D:9 exclusion: statue
Lair:3 3 runed translucent doors, Behiugoeme's ghost, journeyman DECj


Innate Abilities, Weirdness & Mutations

Your attributes grow dramatically as you level up.
You have an increased reservoir of magic. (+10% MP)
You shall have no god before yourself.


Message History

The fungus is engulfed in freezing vapours.
A nearby fungus withers and dies.
The fungus is engulfed in freezing vapours.
The fungus begins to die.
The dream sheep is engulfed in freezing vapours. x3
You kill the dream sheep!
The eight-headed hydra is engulfed in freezing vapours.
The wall freezes the eight-headed hydra.
The eight-headed hydra seems to slow down.
The eight-headed hydra bites you but does no damage.
You block the eight-headed hydra's attack.
The eight-headed hydra closely misses you.
The eight-headed hydra barely misses you.
The eight-headed hydra closely misses you.
The eight-headed hydra barely misses you.
The eight-headed hydra bites you. The eight-headed hydra bites you!
The fungus is engulfed in freezing vapours.
The dream sheep is engulfed in freezing vapours.
You kill the dream sheep!
The dream sheep is engulfed in freezing vapours.
The wall freezes the dream sheep!
You kill the dream sheep!
The dream sheep is engulfed in freezing vapours.
You kill the dream sheep!
Your Fighting skill increases to level 9!
The fungus is engulfed in freezing vapours.
The eight-headed hydra is engulfed in freezing vapours.
The wall freezes the eight-headed hydra.
The eight-headed hydra closely misses you.
The eight-headed hydra bites you!
* * * LOW HITPOINT WARNING * * *
The eight-headed hydra bites you!
* * * LOW HITPOINT WARNING * * *
The eight-headed hydra bites you.
* * * LOW HITPOINT WARNING * * *
The eight-headed hydra bites you.
* * * LOW HITPOINT WARNING * * *
You block the eight-headed hydra's attack.
The eight-headed hydra bites you!
You die...

##... #..# #..
#D.P.#§.# ...# ###
#§#.##.## .#.#.
..####§......# ....
#.#.§.#.###.# ..#
#.§#§#### P# #PP§##
#### #.§D# ...####
##.#@# ......P
#....# ###....#
##...## .##.....
###.....#
#.#.....###P##...##
..................#
..#.P....#......#.#
###............####
...#.....#.##


You could see an eight-headed hydra (slow).

Vanquished Creatures
  A dire elephant (Lair:2)
  Harold (D:7)
  A hydra (Lair:3)
  A two-headed ogre (D:8)
  A catoblepas (Lair:3)
  Pikel (D:7)
  3 oklob plants (Lair:2)
  15 elephants (Lair:2)
  8 cane toads
  2 komodo dragons (Lair:3)
  A rime drake (Lair:3)
  Prince Ribbit (D:6)
  4 dream sheep (Lair:3)
  A spriggan (Lair:2)
  2 redbacks (Lair:2)
  A shadow (D:9)
  19 yaks
  4 wyverns
  3 basilisks
  2 steam dragons (D:8)
  Grum (Lair:1)
  Menkaure (D:6)
  12 water moccasins
  4 orc warriors
  An ice beast (D:7)
  A necrophage (D:8)
  A sky beast (D:8)
  2 ogres
  9 wolves (Lair:1)
  2 lemures (D:7)
  2 kobold brigands
  Blork the orc (D:6)
  13 bullfrogs
  A scorpion (D:6)
  A water moccasin zombie (D:6)
  3 killer bees (D:8)
  2 water moccasin skeletons
  A howler monkey (D:6)
  2 electric eels
  A bullfrog zombie (D:6)
  4 centaur zombies
  3 jellies
  4 orc priests
  4 hounds
  A gnoll shaman (D:4)
  3 centaur skeletons
  Ijyb (D:3)
  10 orc wizards
  A killer bee zombie (D:6)
  7 gnolls
  10 adders
  An ufetubus (D:5)
  A worm (D:3)
  5 dart slugs
  20 orcs
  6 ball pythons
  8 endoplasms
  7 goblins
  9 hobgoblins
  7 jackals
  6 quokkas
  5 bats
  2 frilled lizards
  16 kobolds
  6 rats
280 creatures vanquished.

Vanquished Creatures (others)
  98 fungi
  93 plants
191 creatures vanquished.

Grand Total: 471 creatures vanquished

Notes
Turn   | Place    | Note
-------+----------+-------------------------------------------
     0 | D:1      | Froggeryz the Demigod Ice Elementalist began the quest for
                  | the Orb.
     0 | D:1      | Reached XP level 1. HP: 14/14 MP: 5/5
   311 | D:1      | Reached XP level 2. HP: 17/20 MP: 1/7
  1285 | D:2      | Reached XP level 3. HP: 26/26 MP: 3/8
  2168 | D:3      | Reached XP level 4. HP: 33/33 MP: 6/9
  2303 | D:3      | Reached skill level 5 in Ice Magic
  2423 | D:3      | Learned a level 3 spell: Frozen Ramparts
  2894 | D:3      | Noticed Ijyb
  2904 | D:3      | Killed Ijyb
  3012 | D:3      | Reached XP level 5. HP: 11/38 MP: 4/10
  3861 | D:4      | Reached XP level 6. HP: 44/45 MP: 7/11
  5193 | D:4      | Reached XP level 7. HP: 43/50 MP: 9/12
  5389 | D:5      | Entered Level 5 of the Dungeon
  5427 | D:5      | Learned a level 2 spell: Blink
  5650 | D:5      | Found a staircase to the Ecumenical Temple.
  6275 | D:6      | Noticed Menkaure
  6285 | D:6      | Killed Menkaure
  6286 | D:6      | Reached skill level 5 in Dodging
  6617 | D:6      | Learned a level 3 spell: Ozocubu's Armour
  6653 | D:6      | Found Xalic's Weapon Boutique.
  6684 | D:6      | Found Bulec's Book Shoppe.
  6691 | D:6      | Noticed Prince Ribbit
  6698 | D:6      | Killed Prince Ribbit
  6699 | D:6      | Reached skill level 1 in Translocations
  6699 | D:6      | Reached XP level 8. HP: 57/57 MP: 13/13
  6768 | D:6      | Noticed Blork the orc
  6777 | D:6      | Killed Blork the orc
  7470 | D:6      | Found Neuk's Assorted Antiques.
  7473 | D:6      | Bought a scroll labelled HOM FEABUNISK for 20 gold pieces
  7473 | D:6      | Bought a short fluorescent wand for 80 gold pieces
  7473 | D:6      | Bought a cyan potion for 18 gold pieces
  7473 | D:6      | Bought a golden potion for 18 gold pieces
  7473 | D:6      | Bought a pair of boots for 90 gold pieces
  7729 | D:6      | Noticed Duvessa
  8830 | D:7      | Noticed Harold
  8843 | D:7      | Killed Harold
  8844 | D:7      | Reached skill level 5 in Spellcasting
  8844 | D:7      | Reached XP level 9. HP: 31/62 MP: 19/21
  9242 | D:7      | Noticed Pikel
  9251 | D:7      | Killed Pikel
  9672 | D:7      | Identified the +1 great sword "Coss" {drain, rN+++ Str+4
                  | Stlth-}
 10764 | D:8      | Reached XP level 10. HP: 69/69 MP: 26/26
 10778 | D:8      | Noticed a two-headed ogre
 10787 | D:8      | Killed a two-headed ogre
 12104 | D:9      | Reached skill level 10 in Spellcasting
 12169 | D:9      | Reached skill level 1 in Fighting
 12338 | D:9      | Found a staircase to the Lair.
 12609 | Lair:1   | Entered Level 1 of the Lair of Beasts
 12838 | Lair:1   | Noticed Grum
 12849 | Lair:1   | Killed Grum
 12850 | Lair:1   | Reached skill level 10 in Ice Magic
 13340 | Lair:1   | Reached XP level 11. HP: 82/82 MP: 29/29
 13441 | Lair:1   | Reached skill level 1 in Evocations
 14165 | Lair:2   | Reached skill level 5 in Fighting
 14691 | Lair:2   | Found a staircase to the Shoals.
 14691 | Lair:2   | Noticed a dire elephant
 14709 | Lair:2   | Killed a dire elephant
 14710 | Lair:2   | Reached skill level 5 in Evocations
 16301 | Lair:2   | Reached XP level 12. HP: 101/101 MP: 30/30
 16324 | Lair:2   | Found a hole to the Spider Nest.
 16951 | Lair:3   | Reached skill level 1 in Shields
 17007 | Lair:3   | Noticed a six-headed hydra
 17016 | Lair:3   | Killed a six-headed hydra
 17857 | Lair:3   | Found a runed translucent gate.
 17857 | Lair:3   | Found a runed translucent gate.
 17857 | Lair:3   | Found a runed translucent gate.
 17858 | Lair:3   | Noticed Behiugoeme's ghost (journeyman DECj)
 17858 | Lair:3   | Noticed a 13-headed hydra
 18101 | Lair:3   | Noticed a catoblepas
 18109 | Lair:3   | Killed a catoblepas
 18110 | Lair:3   | Reached skill level 5 in Shields
 18298 | Lair:3   | Noticed an eight-headed hydra
 18314 | Lair:3   | Slain by an eight-headed hydra

Illustrated notes

Levels and vault maps discovered:
D:1:      denvon_arrival_planthouse, layout_basic,
          shapermc_ecumenical_altar_flowoftime
D:2:      layout_rooms, minmay_statues_item
D:3:      layout_basic, nemelex_diamond_rough_becter, minmay_checkerbox,
          uniq_ijyb
D:4:      layout_cave_pods
D:5:      layout_loops_ring, grunt_qazlal_clouds, minmay_temple_entry_fiery
D:6:      layout_loops_ring, zin_treasury, nicolae_gozag_seed_capital,
          kennysheep_little_box, nicolae_ru_great_annihilating_truth,
          nicolae_overflow_crystal_walls, minitemple, serial_shops,
          kennysheep_mini, kennysheep_mini_moat, shop, minmay_ruined_shrine,
          uniq_menkaure, uniq_blork_the_orc, uniq_prince_ribbit1, uniq_duvessa
D:7:      layout_loops_ring, lemuel_crystal_altar,
          gammafunk_temple_overflow_elements, chequers_serial_rivers_micro_b,
          uniq_harold, uniq_pikel
D:8:      kennysheep_steamy, layout_loops_ring
D:9:      layout_stronghold, vehumet_statue, minmay_lair_entry_grove,
          serial_bayou_pond_d
Lair:1:   layout_gridlike, grunt_megastairs_5, serial_bayou_shore_b,
          infiniplex_staircase_pool, lemuel_fruit_fields, uniq_grum
Lair:2:   mu_elephants_graveyard, layout_chaotic_city, shoals_dummy_entry,
          spider_nest_entry_webs, minmay_lair_oklob_chamber
Lair:3:   layout_loops_ring, gammafunk_ghost_hydra_chop, serial_bayou_shore_a,
          serial_bayou_shore_b

Skill      XL: |  1  2  3  4  5  6  7  8  9 10 11 12 |
---------------+-------------------------------------+-----
Dodging        | 2 3 4 5 |  5.0
Ice Magic      | 4 5 6 8 9 10 | 10.1
Translocations | 1 4 |  4.1
Spellcasting   | 5 8 10 | 10.0
Fighting       | 3 7 9 |  9.0
Evocations     | 6 7 |  7.1
Shields        | 5 |  5.6
Stealth        | |  1.7

Action                   |  1- 3 |  4- 6 |  7- 9 | 10-12 || total
-------------------------+-------+-------+-------+-------++-------
Melee: Unarmed           |    20 |    14 |       |       ||    34
       Short sword       |       |   104 |   353 |   323 ||   780
 Cast: Freeze            |    67 |    28 |     8 |    41 ||   144
       Frozen Ramparts   |       |    16 |    35 |    82 ||   133
       Ozocubu's Armour  |       |       |    15 |    52 ||    67
Evoke: Wand              |       |       |     3 |     9 ||    12
       Condenser vane    |       |       |       |     1 ||     1
  Use: Potion            |       |     1 |     3 |     1 ||     5
       Scroll            |       |       |    12 |     2 ||    14
Armor: Robe              |    22 |     9 |       |       ||    31
       Acid dragon scale |       |    27 |   255 |   234 ||   516
Dodge: Dodged            |    61 |    77 |   322 |   272 ||   732
Block: Other             |       |       |   125 |   103 ||   228
       Reflection        |       |       |       |     2 ||     2

Table legend: (Time is in decaauts)
 A = Elapsed time spent in this place.
 B = Non-inter-level travel time spent in this place.
 C = Inter-level travel time spent in this place.
 D = Time resting spent in this place.
 E = Time spent auto-exploring this place.
 F = Levels seen in this place.
 G = Mean time per level.
                   A        B        C        D        E       F      G
               +--------+--------+--------+--------+--------+-----+--------+
         Total |  18397 |  17477 |    920 |   2363 |  12298 |  12 | 1533.1 |
       Dungeon |  12748 |  11990 |    758 |   1362 |   8649 |   9 | 1416.4 |
          Lair |   5649 |   5487 |    162 |   1001 |   3649 |   3 | 1883.0 |
               +--------+--------+--------+--------+--------+-----+--------+

Top non-repeatable levels by time:
  Lair:2: 2671 daAuts
     D:6: 2402 daAuts
     D:8: 1661 daAuts
  Lair:1: 1578 daAuts
     D:4: 1541 daAuts
     D:3: 1516 daAuts
  Lair:3: 1399 daAuts
     D:7: 1379 daAuts
     D:1: 1200 daAuts
     D:9: 1195 daAuts
     D:2: 1144 daAuts
     D:5: 706 daAuts
